 Dungeon Crawl Stone Soup version 0.21.0-25-ge575cb9ce8 (webtiles) character file.

59889 GuyWithAPlan the Fighter (level 14, -8/150 HPs)
             Began as a Troll Monk on Jan 23, 2018.
             Was a High Priest of Jiyva.
             Mangled by an ettin
             ... wielding a +0 dire flail
              (19 damage)
             ... while paralysed by an orc sorcerer
             ... on level 2 of the Orcish Mines on Jan 24, 2018.
             The game lasted 01:08:16 (22672 turns).

GuyWithAPlan the Fighter (Troll Monk)              Turns: 22672, Time: 01:08:17

Health: -8/150     AC: 12    Str: 14    XL:     14   Next: 6%
Magic:  0/13       EV:  1    Int: 10    God:    Jiyva [*****.]
Gold:   887        SH:  0    Dex: 25    Spells: 13/13 levels left

rFire    . . .     SeeInvis .     - Unarmed
rCold    . . .     Gourm    +   (no shield)
rNeg     . . .     Faith    .   p - +1 troll leather armour
rPois    .         Spirit   +   (helmet restricted)
rElec    .         Reflect  .   (no cloak)
rCorr    +         Harm     .   (gloves unavailable)
MR       +....     Clarity  +   (boots unavailable)
Stlth    ++........             J - amulet of guardian spirit
HPRegen  1.15/turn              D - +3 ring of dexterity
MPRegen  0.13/turn              E - +3 ring of evasion

@: paralysed
A: large, unfitting armour, claws 3, hooves 1, large bone plates 1, slimy green
scales 1, blink, clarity, clever 1, fast metabolism 3, gourmand, regeneration 1,
shaggy fur 1, tough skin 2
}: 1/15 runes: slimy
a: Blink, Request Jelly, Slimify, Cure Bad Mutation, Renounce Religion


You were on level 2 of the Orcish Mines.
You worshipped Jiyva.
Jiyva was extremely pleased with you.
You were completely stuffed.

You visited 5 branches of the dungeon, and saw 27 of its levels.

You collected 1082 gold pieces.
You spent 195 gold pieces at shops.

Inventory:

Hand Weapons
 K - the +6 battleaxe of Compassion {flame, rElec, unknown}
   (You found it on level 9 of the Dungeon)

   It has been specially enchanted to burn those struck by it, causing extra
   injury to most foes and up to half again as much damage against particularly
   susceptible opponents.
   Big, fiery blades are also staple armaments of hydra-hunters.
   It insulates you from electricity.
 S - the cursed +1 quarterstaff of Armageddon {elec, Dex+2, unknown}
   (You found it on level 6 of the Lair of Beasts)

   Occasionally, upon striking a foe, it will discharge some electrical energy
   and cause terrible harm.
   It affects your dexterity (+2).
   It has a curse placed upon it.
 V - the +8 mace of Riusemi {vamp, rPois Str+4 SInv Stlth+, unknown}
   (You found it on level 5 of the Pits of Slime)

   It inflicts no extra harm, but heals its wielder when it wounds a living foe.
   It affects your strength (+4).
   It protects you from poison.
   It lets you see invisible.
   It makes you more stealthy.
 W - the +2 dagger "Leviticus" {pierce, MR- Str+5 Int+2 Dex+4, unknown}
   (You found it on level 5 of the Pits of Slime)

   It inflicts extra damage upon your enemies.
   It affects your strength (+5).
   It affects your intelligence (+2).
   It affects your dexterity (+4).
   It affects your resistance to hostile enchantments.
Armour
 a - a +0 robe
 p - a +1 troll leather armour (worn)
 Y - a +2 robe of magic resistance
Jewellery
 u - an uncursed ring of ice
 v - an uncursed amulet of magic regeneration
 y - an uncursed ring of ice
 D - a +3 ring of dexterity (left claw)
 E - a +3 ring of evasion (right claw)
 J - an amulet of guardian spirit (around neck)
 O - an uncursed ring of see invisible {unknown}
Wands
 i - a wand of paralysis (31)
 o - a wand of iceblast (6)
 F - a wand of digging (8)
 H - a wand of disintegration (20)
 L - a wand of polymorph (39)
 M - a wand of clouds (10)
 P - a wand of flame (59)
Scrolls
 d - 2 scrolls of teleportation
 e - 2 scrolls of magic mapping
 f - 3 scrolls of remove curse
 k - 4 scrolls of amnesia
 m - a scroll of enchant weapon
 r - a scroll of vulnerability
 x - a scroll of fear
Potions
 c - a potion of haste
 g - 3 potions of mutation
 h - 4 potions of agility
 j - 5 potions of curing
 l - a potion of degeneration
 n - a potion of berserk rage
 s - a potion of brilliance
 z - a potion of flight {unknown}
 N - 2 potions of ambrosia {unknown}
Books
 q - a book of Misfortune

   Spells                             Type                      Level
   a - Confusing Touch                Hexes                        1
   b - Confuse                        Hexes                        3
   c - Gell's Gravitas                Translocation                3
   d - Petrify                        Transmutation/Earth          4
   e - Metabolic Englaciation         Hexes/Ice                    5
   f - Yara's Violent Unravelling     Hexes/Transmutation          5
 w - a book of Minor Magic

   Spells                             Type                      Level
   a - Magic Dart                     Conjuration                  1
   b - Blink                          Translocation                2
   c - Call Imp                       Summoning                    2
   d - Slow                           Hexes                        2
   e - Conjure Flame                  Conjuration/Fire             3
   f - Mephitic Cloud                 Conjuration/Poison/Air       3
 C - a book of Changes

   Spells                             Type                      Level
   a - Beastly Appendage              Transmutation                1
   b - Sticks to Snakes               Transmutation                2
   c - Spider Form                    Transmutation/Poison         3
   d - Ice Form                       Ice/Transmutation            4
   e - Blade Hands                    Transmutation                5
 Q - a book of Enchantments

   Spells                             Type                      Level
   a - Cause Fear                     Hexes                        4
   b - Yara's Violent Unravelling     Hexes/Transmutation          5
   c - Silence                        Hexes/Air                    5
   d - Deflect Missiles               Charms/Air                   6
   e - Discord                        Hexes                        8
 T - a book of Geomancy

   Spells                             Type                      Level
   a - Sandblast                      Earth                        1
   b - Passwall                       Transmutation/Earth          2
   c - Stone Arrow                    Conjuration/Earth            3
   d - Petrify                        Transmutation/Earth          4
   e - Lee's Rapid Deconstruction     Earth                        5
 U - Sif Muna's Disquisition on Ghastly Snow
   (You found it on level 5 of the Pits of Slime)

   Spells                             Type                      Level
   a - Animate Skeleton               Necromancy                   1
   b - Regeneration                   Charms/Necromancy            3
   c - Vampiric Draining              Necromancy                   3
   d - Summon Ice Beast               Ice/Summoning                4
   e - Ice Form                       Ice/Transmutation            4
Miscellaneous
 R - a fan of gales (inert)
Comestibles
 b - 31 rations
 t - a chunk of flesh


   Skills:
 - Level 12.3 Fighting
 - Level 11.8 Armour
 - Level 9.8 Dodging
 - Level 2.3 Stealth
 + Level 9.0 Unarmed Combat


You had 13 spell levels left.
You didn't know any spells.

Dungeon Overview and Level Annotations

Branches:
Dungeon (13/15)            Temple (1/1) D:5            Lair (6/6) D:9
 Shoals (0/4) Lair:3       Spider (0/4) Lair:3        Slime (5/5) Lair:5
    Orc (2/2) D:10
    Elf: Orc:2       Vaults: D:13-14

Altars:
Ashenzari
Dithmenos
Elyvilon
Fedhas
Gozag
Hepliaklqana
Kikubaaqudgha
Makhleb
Nemelex Xobeh
Okawaru
Qazlal
Ru
Sif Muna
Trog
Vehumet
Wu Jian
Xom
Yredelemnul
Zin
The Shining One
Jiyva

Shops:
D:5 *   D:6 !   D:7 :   D:8 [

Annotations:
D:10 2 runed doors
D:11 Hat's ghost, journeyman DDBe
Slime:5 Royal Jelly
Orc:2 Saint Roka


Innate Abilities, Weirdness & Mutations

You are too large for most types of armour.
You have claws for hands.
Your metabolism is lightning-fast.
You like to eat raw meat.
Your natural rate of healing is unusually fast.
You are covered in fur. (AC +1)
You have very tough skin. (AC +2)
You have large cloven feet.
You are partially covered in large bone plates. (SH +4)
You are partially covered in slimy green scales. (AC +2)
You can translocate small distances at will.
You possess an exceptional clarity of mind.
Your mind is acute. (Int +2)


Message History

The orc sorcerer's hands start to glow.
The orc sorcerer hits you with a dagger.
The orc sorcerer hits you with a dagger.
The orc hits you with a short sword.
The orc sorcerer hits you with a dagger.
The orc hits you with a short sword.
The orc sorcerer points at you and mumbles some strange words.
Helpless, you fail to dodge the bolt of fire.
You hear the slow rumble of a very distant avalanche of rocks.
The orc hits you but does no damage.
The orc sorcerer hits you but does no damage.
The ettin hits you with a dire flail!!! The ettin hits you with a dire flail!!
The orc warrior throws a tomahawk.
The tomahawk hits you.
Saint Roka roars a battlecry!
The orcs go into a battle-frenzy!
The orc sorcerer hits you with a dagger.
The ettin hits you with a dire flail!!!
* * * LOW HITPOINT WARNING * * *
The ettin hits you with a dire flail!!
You die...

#........#
##........#
#..........
###..........
##.(..........
###...(([.......
#.......#..#....
##.(..<.#### #..
#$....o@# .
#.....Coo.#
##(....o......
###...........
#...........
...##.......
##o###.......####
#.##.o.......#.##
...............#


You could see Saint Roka, an ettin, an orc sorcerer, an orc warrior, an orc
priest, an orc wizard and an orc.

Vanquished Creatures
  The ghost of hofbold the Cleaver, a journeyman HOAK of Lugonu (Orc:1)
  The ghost of Artagas the Thaumaturge, a journeyman GnWz of Sif Muna (D:10)
  3 hydras
  4 two-headed ogres
  A centaur warrior (D:13)
  4 death yaks
  Nergalle (D:12)
  Pikel (D:3)
  A deep elf mage (D:13)
  An orc sorcerer (Orc:1)
  An ugly thing (D:13)
  3 elephants
  3 black mambas
  A gargoyle (D:13)
  12 spiny frogs
  3 komodo dragons
  4 polar bears
  6 jumping spiders (Lair:3)
  2 trolls
  4 hornets
  22 blink frogs
  A meliai zombie (D:12)
  8 dream sheep
  8 hippogriffs
  10 spriggans
  2 redbacks (Lair:3)
  2 wraiths
  3 wyverns
  A basilisk (Lair:4)
  A steam dragon (D:10)
  23 yaks
  2 hungry ghosts (D:10)
  4 vampire mosquitoes (D:13)
  A warg (Orc:1)
  11 water moccasins
  2 soldier ants
  10 porcupines
  3 ice beasts
  A slave (D:4)
  6 orc warriors
  7 black bears
  A necrophage (D:6)
  9 ogres
  5 phantoms
  29 wolves
  4 centaurs
  7 crocodiles
  8 bullfrogs
  A big kobold (D:9)
  2 wyvern zombies
  A gnoll sergeant (D:6)
  A scorpion (D:9)
  3 troll zombies (D:10)
  3 killer bees (D:13)
  11 wights
  An electric eel (D:12)
  4 howler monkeys (D:8)
  A crimson imp (D:11)
  4 centaur zombies
  4 hounds
  13 orc priests
  3 jellies
  2 bullfrog skeletons
  2 centaur skeletons
  3 iguanas
  Natasha (twice) (D:2)
  8 orc wizards
  3 worker ants
  3 ogre zombies (D:10)
  A hound zombie (D:6)
  A hound skeleton (D:9)
  A worker ant zombie (D:10)
  7 gnolls
  9 adders
  4 shadow imps
  2 oozes
  2 adder zombies
  3 worms
  A dart slug (D:2)
  6 leopard geckos
  56 orcs
  A ball python (D:1)
  3 bats (D:1)
  6 giant cockroaches
  8 hobgoblins
  7 jackals
  7 quokkas
  10 frilled lizards
  5 goblins
  A goblin zombie (D:10)
  2 hobgoblin zombies (D:10)
  A jackal zombie (D:6)
  11 kobolds
  A leopard gecko zombie (D:7)
  An orc skeleton (D:10)
  11 orc zombies (D:10)
  A quokka zombie (D:6)
  7 rats
499 creatures vanquished.

Vanquished Creatures (others)
  7 acid blobs (Slime:5)
  An azure jelly (Slime:5)
  2 great orbs of eyes (Slime:5)
  A death ooze (Slime:5)
  6 elephants (Lair:6)
  An eye of devastation (Slime:5)
  2 polar bears (Lair:6)
  5 blink frogs
  32 slime creatures
  A spriggan (Lair:6)
  2 wyverns (Lair:6)
  A soldier ant (D:11)
  A water moccasin (Lair:5)
  A black bear (Lair:6)
  2 eyes of draining
  A centaur (D:10)
  5 boggarts (Lair:6)
  A phantom (D:13)
  6 wolves (Lair:6)
  A crocodile (Lair:2)
  A wyvern skeleton (D:12)
  65 jellies
  A wight (D:13)
  2 electric eels
  2 crimson imps
  A hound (D:13)
  2 worker ants (D:11)
  A hound zombie (D:11)
  2 adders (D:11)
  A shadow imp (D:11)
  An ooze (Lair:6)
  2 orcs
  An orc skeleton (D:10)
  3 orc zombies (D:10)
  83 fungi
  20 plants
267 creatures vanquished.

Grand Total: 766 creatures vanquished

Notes
Turn   | Place    | Note
-------+----------+-------------------------------------------
     0 | D:1      | GuyWithAPlan the Troll Monk began the quest for the Orb.
     0 | D:1      | Reached XP level 1. HP: 22/22 MP: 0/0
    67 | D:1      | Reached XP level 2. HP: 29/29 MP: 1/1
   422 | D:1      | Reached XP level 3. HP: 33/36 MP: 2/2
   828 | D:2      | Noticed Natasha
   833 | D:2      | Killed Natasha
   833 | D:2      | Reached XP level 4. HP: 41/44 MP: 3/3
  1157 | D:2      | Found a sacrificial altar of Ru.
  1360 | D:2      | Noticed Natasha
  1367 | D:2      | Killed Natasha
  1367 | D:2      | Reached skill level 3 in Fighting
  1828 | D:3      | Reached XP level 5. HP: 53/53 MP: 4/4
  2325 | D:3      | Found a glowing golden altar of the Shining One.
  2508 | D:4      | Noticed a slave
  2513 | D:4      | Reached skill level 5 in Unarmed Combat
  2514 | D:4      | Noticed a slave
  2515 | D:4      | Noticed Pikel
  2519 | D:4      | Noticed a slave
  2538 | D:4      | Killed a slave
  2566 | D:3      | Killed Pikel
  2566 | D:3      | Reached XP level 6. HP: 17/61 MP: 5/5
  2566 | D:3      | Reached XP level 7. HP: 18/67 MP: 6/6
  3011 | D:4      | Found an iron altar of Okawaru.
  3365 | D:5      | Entered Level 5 of the Dungeon
  3399 | D:5      | Reached XP level 8. HP: 74/75 MP: 7/7
  3677 | D:5      | Found Nummyij's General Store.
  3687 | D:5      | Bought a potion of might for 52 gold pieces
  3783 | D:5      | Found a staircase to the Ecumenical Temple.
  3832 | Temple   | Entered the Ecumenical Temple
  4228 | D:6      | Reached skill level 5 in Dodging
  4441 | D:6      | Found Bisyuc's Distillery.
  4449 | D:6      | Bought a potion of curing for 39 gold pieces
  4449 | D:6      | Bought 2 potions of might for 104 gold pieces
  4892 | D:6      | Found a white marble altar of Elyvilon.
  5238 | D:7      | Reached XP level 9. HP: 51/83 MP: 8/8
  5385 | D:7      | Found Poasoj's Book Emporium.
  5871 | D:8      | Found Umuifits's Antique Armour Emporium.
  5871 | D:8      | Noticed a two-headed ogre
  6004 | D:8      | Noticed a two-headed ogre
  6190 | D:8      | Killed a two-headed ogre
  6318 | D:8      | Noticed a two-headed ogre
  6368 | D:8      | Killed a two-headed ogre
  6368 | D:8      | Reached skill level 4 in Fighting
  6368 | D:8      | Reached XP level 10. HP: 49/94 MP: 9/9
  6895 | D:8      | Killed a two-headed ogre
  6895 | D:8      | Reached skill level 5 in Fighting
  7006 | D:9      | Reached skill level 6 in Fighting
  7252 | D:9      | Reached skill level 7 in Fighting
  7519 | D:9      | Reached skill level 8 in Fighting
  7801 | D:9      | Found a staircase to the Lair.
  7808 | D:9      | Reached XP level 11. HP: 113/113 MP: 10/10
  7843 | D:9      | Got a steaming battleaxe
  7901 | Lair:1   | Entered Level 1 of the Lair of Beasts
  7985 | Lair:1   | Reached skill level 9 in Fighting
  8489 | Lair:4   | Reached skill level 10 in Fighting
  8893 | Lair:4   | Reached skill level 11 in Fighting
  9294 | Lair:6   | Entered Level 6 of the Lair of Beasts
  9294 | Lair:6   | Noticed a four-headed hydra
  9296 | Lair:6   | Noticed an eight-headed hydra
  9447 | Lair:5   | Found a viscous altar of Jiyva.
  9447 | Lair:5   | Found a staircase to the Slime Pits.
  9456 | Lair:5   | Became a worshipper of Jiyva Jiure the Shapeless
  9456 | Lair:5   | Reached * piety under Jiyva
  9456 | Lair:5   | Reached ** piety under Jiyva
  9484 | Lair:5   | Noticed a seven-headed hydra
  9497 | Lair:5   | Killed an 11-headed hydra
  9519 | Lair:5   | Reached XP level 12. HP: 81/132 MP: 11/11
  9526 | Lair:5   | Reached skill level 12 in Fighting
  9809 | Lair:5   | Reached *** piety under Jiyva
  9897 | Lair:5   | Reached skill level 1 in Armour
 10118 | Lair:5   | Noticed a six-headed hydra
 10133 | Lair:5   | Killed a 14-headed hydra
 11066 | Lair:3   | Found a staircase to the Shoals.
 11160 | Lair:3   | Noticed an eight-headed hydra
 11170 | Lair:3   | Killed a 14-headed hydra
 11170 | Lair:3   | Reached skill level 5 in Armour
 11183 | Lair:3   | Found a shimmering altar of Xom.
 11228 | Lair:3   | Gained mutation: You can translocate small distances at will. [Jiyva's grace]
 11258 | Lair:3   | Reached **** piety under Jiyva
 11746 | Lair:2   | Gained mutation: Your mind is acute. (Int +2) [Jiyva's grace]
 11762 | Lair:2   | Reached ***** piety under Jiyva
 13203 | D:10     | Entered Level 10 of the Dungeon
 13203 | D:10     | Found a runed door.
 13360 | Lair:3   | Found a hole to the Spider Nest.
 13980 | D:9      | Found a basalt altar of Yredelemnul.
 14168 | D:9      | Lost mutation: Your mind is acute. (Int +2) [Jiyva's grace]
 14372 | D:10     | Found a staircase to the Orcish Mines.
 14386 | D:10     | Noticed Artagas's ghost (journeyman GnWz)
 14439 | D:10     | Killed Artagas's ghost
 14439 | D:10     | Reached XP level 13. HP: 80/141 MP: 6/12
 14934 | D:10     | Noticed a fire dragon
 14936 | D:10     | Noticed a fire dragon
 14937 | D:10     | Found the +2 shield of Resistance {rF+ rC+ MR+}
 14937 | D:10     | Found a runed door.
 15418 | D:11     | Noticed Hat's ghost (journeyman DDBe)
 15435 | D:11     | Gained mutation: You expend magic power (3 MP) to strengthen your wands. [Jiyva's grace]
 15732 | D:11     | Noticed Nergalle
 16041 | D:12     | Killed Nergalle
 16353 | Orc:1    | Entered Level 1 of the Orcish Mines
 16353 | Orc:1    | Noticed hofbold's ghost (journeyman HOAK)
 16468 | D:10     | HP: 6/141 [troll (9)]
 16468 | D:10     | HP: 1/141 [troll (5)]
 16750 | D:10     | Gained mutation: You are partially covered in large bone plates. (SH +4) [Jiyva's grace]
 18423 | D:13     | Found a stormy altar of Qazlal.
 18876 | D:13     | Gained mutation: Your magical capacity is low. (-10% MP) [Jiyva's grace]
 18983 | D:13     | Reached ****** piety under Jiyva
 19199 | Slime:1  | Entered Level 1 of the Pits of Slime
 19199 | Slime:1  | Noticed an azure jelly
 19207 | Slime:2  | Noticed an acid blob
 19218 | Slime:3  | Noticed an acid blob
 19242 | Slime:5  | Entered Level 5 of the Pits of Slime
 19243 | Slime:5  | Noticed an azure jelly
 19251 | Slime:5  | Noticed an acid blob
 19252 | Slime:5  | Noticed an acid blob
 19254 | Slime:5  | Noticed a death ooze
 19255 | Slime:5  | Found a viscous altar of Jiyva.
 19255 | Slime:5  | Noticed the Royal Jelly
 19255 | Slime:5  | Noticed a death ooze
 19258 | Slime:5  | Gained mutation: Your flesh is cold resistant. (rC+) [Jiyva's grace]
 19261 | Slime:5  | Lost mutation: Your flesh is cold resistant. (rC+) [Jiyva's grace]
 19264 | Slime:5  | Gained mutation: Your rubbery body absorbs attacks. (AC +1, EV +1) [Jiyva's grace]
 19266 | Slime:5  | Noticed an acid blob
 19267 | Slime:5  | Lost mutation: You expend magic power (3 MP) to strengthen your wands. [Jiyva's power]
 19269 | Slime:5  | Killed an acid blob
 19270 | Slime:5  | Killed an acid blob
 19271 | Slime:5  | Gained mutation: You have a small jelly attached to you that senses nearby items. [Jiyva's grace]
 19272 | Slime:5  | Noticed an acid blob
 19274 | Slime:5  | Identified Sif Muna's Disquisition on Ghastly Snow
 19277 | Slime:5  | Got a crude mace
 19279 | Slime:5  | Got a slimy rune of Zot
 19290 | Slime:5  | Noticed an acid blob
 19298 | Slime:5  | Got an ichor-stained dagger
 19321 | Slime:5  | Noticed an acid blob
 19323 | Slime:5  | Killed an acid blob
 19324 | Slime:5  | Killed an acid blob
 19325 | Slime:5  | Lost mutation: Your magical capacity is low. (-10% MP) [Jiyva's power]
 19327 | Slime:5  | Noticed an acid blob
 19328 | Slime:5  | Killed an acid blob
 19330 | Slime:5  | Noticed an acid blob
 19331 | Slime:5  | Noticed an acid blob
 19344 | Slime:5  | Killed an acid blob
 19395 | Slime:4  | Noticed an azure jelly
 19398 | Slime:5  | Killed an azure jelly
 19404 | Slime:5  | Killed a death ooze
 19419 | Slime:4  | Noticed an azure jelly
 19425 | Slime:5  | Killed an acid blob
 19456 | Slime:5  | Noticed an azure jelly
 19621 | Lair:5   | Noticed an azure jelly
 19621 | Lair:5   | a ten-headed hydra changed into an azure jelly
 19746 | Lair:5   | Reached skill level 10 in Armour
 19955 | Lair:6   | Lost mutation: Your rubbery body absorbs attacks. (AC +1, EV +1) [Jiyva's grace]
 20138 | Lair:6   | Paralysed by a hornet for 3 turns
 20142 | Lair:6   | Paralysed by a hornet for 1 turns
 20282 | Lair:6   | HP: 3/141 [16-headed hydra (5)]
 20283 | Lair:6   | Noticed an azure jelly
 20283 | Lair:6   | a 16-headed hydra changed into an azure jelly
 20317 | Lair:6   | Lost mutation: You have a small jelly attached to you that senses nearby items. [Jiyva's grace]
 20929 | Lair:6   | Gained mutation: You have large cloven feet. [Jiyva's grace]
 21385 | Lair:6   | Got a faintly glowing quarterstaff
 21511 | Lair:5   | Gained mutation: You possess an exceptional clarity of mind. [Jiyva's grace]
 22148 | Orc:1    | Killed hofbold's ghost
 22148 | Orc:1    | Reached XP level 14. HP: 38/150 MP: 11/13
 22357 | Orc:1    | Gained mutation: Your mind is acute. (Int +2) [Jiyva's grace]
 22442 | Orc:2    | Entered Level 2 of the Orcish Mines
 22447 | Orc:2    | Noticed Saint Roka
 22645 | Orc:1    | Gained mutation: You are partially covered in slimy green scales. (AC +2) [Jiyva's grace]
 22666 | Orc:2    | Paralysed by an orc sorcerer for 7 turns
 22672 | Orc:2    | Mangled by an ettin

Skill      XL: |  1  2  3  4  5  6  7  8  9 10 11 12 13 14 |
---------------+-------------------------------------------+-----
Unarmed Combat | 4 6 7 8 9 |  9.0
Fighting       | 3 4 8 11 12 | 12.3
Dodging        | 3 4 7 9 |  9.8
Stealth        | 2 |  2.3
Armour         | 8 11 | 11.8

Action                   |  1- 3 |  4- 6 |  7- 9 | 10-12 | 13-15 || total
-------------------------+-------+-------+-------+-------+-------++-------
Melee: Unarmed           |    66 |   121 |   363 |   806 |  1372 ||  2728
       Punch             |       |     1 |    13 |    47 |    43 ||   104
       Kick              |       |       |       |       |   128 ||   128
Invok: Slimify           |       |       |       |       |     9 ||     9
       Request Jelly     |       |       |       |       |     3 ||     3
       Cure Bad Mutation |       |       |       |       |     2 ||     2
Evoke: Wand              |       |       |     3 |     8 |    19 ||    30
       Fan of gales      |       |       |       |       |     2 ||     2
       Phantom mirror    |       |       |       |       |     1 ||     1
  Use: Scroll            |       |       |     2 |    10 |    16 ||    28
       Potion            |       |       |       |     8 |     7 ||    15
 Stab: Sleeping          |     1 |     4 |     4 |     7 |     4 ||    20
       Distracted        |       |       |     1 |       |     3 ||     4
       Paralysed         |       |       |     6 |    21 |    19 ||    46
  Eat: Chunk             |    12 |    13 |    35 |    57 |    42 ||   159
       Ration            |       |       |       |     2 |       ||     2
Armor: Robe              |    23 |    32 |    51 |    77 |    64 ||   247
       Troll leather arm |       |       |       |       |   226 ||   226
Dodge: Dodged            |    23 |    61 |   234 |   741 |  1224 ||  2283
Block: Other             |       |       |       |       |   204 ||   204
